[Event "Lidkoping Open 2019"]
[Site "Lidkoping"]
[Date "2019.08.24"]
[Round "1.4"]
[White "Ernst, Thomas"]
[Black "Karlsson, Roger"]
[Result "1-0"]
[ECO "B15"]
[WhiteElo "2329"]
[BlackElo "1892"]
[Annotator "ChessBase"]
[PlyCount "129"]
[EventDate "2019.08.19"]
[EventType "swiss"]
[EventCountry "SWE"]
[SourceTitle "playchess.com"]
[Source "ChessBase"]
[SourceQuality "1"]
[TimeControl "2700+10"]

1. e4 c6 2. d4 d5 3. Nd2 dxe4 4. Nxe4 Nf6 5. Nxf6+ exf6 6. c3 Bf5 7. Ne2 Bd6 8. Bf4 O-O 9. Bxd6 Qxd6 10. Ng3 Bg6 11. Be2 Re8 12. O-O Nd7 13. Bf3 Nb6 14. Re1 h6 15. Ne4 Qc7 16. Nc5 Nd7 17. Nxd7 Qxd7 18. Qd2 Qf5 19. h3 Bh5 20. Bxh5 Qxh5 21. c4 Qf5 22. d5 cxd5 23. cxd5 Rad8 24. Rxe8+ Rxe8 25. d6 Rd8 26. Re1 Qd7 27. Re7 Qc6 28. d7 Kf8 29. Qe3 g5 30. g3 Rxd7 31. Rxd7 Qxd7 32. Qxa7 Qd1+ 33. Kg2 Qd5+ 34. Kh2 h5 35. a4 Kg7 36. Qb6 h4 37. gxh4 Qe5+ 38. Kg2 Qe4+ 39. f3 Qc2+ 40. Kg3 gxh4+ 41. Kxh4 Qxa4+ 42. Kg3 Qd7 43. Qb4 Qd5 44. Qg4+ Kh6 45. Qh4+ Kg7 46. Qe4 Qb5 47. b4 Qb6 48. Kh4 f5 49. Qe5+ f6 50. Qxf5 Qxb4+ 51. Kh5 Qe7 52. Qg4+ Kf8 53. Kh6 Qe3+ 54. f4 Qe7 55. h4 b5 56. h5 b4 57. Qc8+ Kf7 58. Kh7 Qf8 59. Qc4+ Ke8 60. Kg6 Qe7 61. Qc8+ Qd8 62. Qxd8+ Kxd8 63. h6 b3 64. h7 b2 65. h8=Q+ 1-0

[Event "Lidkoping Open 2019"]
[Site "Lidkoping"]
[Date "2019.08.24"]
[Round "1.5"]
[White "Frisk, Anders"]
[Black "Svensson, Bengt"]
[Result "0-1"]
[ECO "A34"]
[WhiteElo "1776"]
[BlackElo "2310"]
[Annotator "RC"]
[PlyCount "58"]
[EventDate "2019.08.19"]
[EventType "swiss"]
[EventCountry "SWE"]
[SourceTitle "playchess.com"]
[Source "ChessBase"]
[SourceQuality "1"]
[TimeControl "2700+10"]

1. c4 c5 2. Nc3 Nc6 3. g3 Nf6 4. Bg2 e6 5. Nf3 d5 6. cxd5 Nxd5 7. O-O Be7 8. d3 O-O 9. Bd2 b6 10. a3 Bb7 11. Qc2 Rc8 12. e3 Qd7 13. Rfd1 Rfd8 14. Ne2 Bf6 15. Bc3 Nxc3 16. bxc3 Na5 17. Rab1 Bc6 18. Rd2 Bxf3 19. Bxf3 Nc4 20. Rdd1 Nxa3 21. Qb2 Nxb1 22. Qxb1 b5 23. Qa2 Rb8 24. d4 b4 25. Qb3 bxc3 26. Qxc3 cxd4 27. Nxd4 Qa4 28. Rd2 Qb4 29. Qc2 e5 0-1

[Event "Lidkoping Open 2019"]
[Site "Lidkoping"]
[Date "2019.08.24"]
[Round "1.6"]
[White "Andersson, Fredrik"]
[Black "Andersson, Kjell-Ake"]
[Result "1-0"]
[ECO "D12"]
[WhiteElo "2264"]
[BlackElo "1922"]
[Annotator "ChessBase"]
[PlyCount "55"]
[EventDate "2019.08.19"]
[EventType "swiss"]
[EventCountry "SWE"]
[SourceTitle "playchess.com"]
[Source "ChessBase"]
[SourceQuality "1"]
[TimeControl "2700+10"]

1. d4 d5 2. c4 c6 3. Nf3 Nf6 4. e3 Bf5 5. Nc3 e6 6. Nh4 Bg6 7. Qb3 Qb6 8. Nxg6 hxg6 9. Bd2 Nbd7 10. g3 Be7 11. Bg2 O-O 12. cxd5 cxd5 13. O-O Rfc8 14. Rfc1 Qd8 15. Bf1 Nb6 16. Nb5 Ne4 17. Ba5 Qd7 18. Rxc8+ Nxc8 19. Nc7 Rb8 20. Na6 Bd6 21. Nxb8 Bxb8 22. Rc1 Ncd6 23. Be1 Ng5 24. Bg2 Nge4 25. Qc2 Nf6 26. Bb4 Nfe8 27. Bf1 Nf5 28. Qc8 1-0

[Event "Lidkoping Open 2019"]
[Site "Lidkoping"]
[Date "2019.08.24"]
[Round "1.7"]
[White "Alfven, Jorgen"]
[Black "Nygren, Kim"]
[Result "1/2-1/2"]
[ECO "A80"]
[WhiteElo "1871"]
[BlackElo "2171"]
[Annotator "ChessBase"]
[PlyCount "28"]
[EventDate "2019.08.19"]
[EventType "swiss"]
[EventCountry "SWE"]
[SourceTitle "playchess.com"]
[Source "ChessBase"]
[SourceQuality "1"]
[TimeControl "2700+10"]

1. d4 f5 2. Nc3 Nf6 3. Bg5 d5 4. Bxf6 exf6 5. e3 Be7 6. Bd3 O-O 7. Qf3 Be6 8. Bxf5 Bf7 9. Nge2 c5 10. Nf4 cxd4 11. exd4 Nc6 12. Ne6 Qb6 13. Nxd5 Qa5+ 14. c3 Rfe8 1/2-1/2

[Event "Lidkoping Open 2019"]
[Site "Lidkoping"]
[Date "2019.08.24"]
[Round "1.8"]
[White "Ronneland, Daniel"]
[Black "Lunde, Sigmund"]
[Result "0-1"]
[ECO "B94"]
[WhiteElo "2137"]
[BlackElo "1806"]
[Annotator "ChessBase"]
[PlyCount "84"]
[EventDate "2019.08.19"]
[EventType "swiss"]
[EventCountry "SWE"]
[SourceTitle "playchess.com"]
[Source "ChessBase"]
[SourceQuality "1"]
[TimeControl "2700+10"]

1. e4 c5 2. Nf3 d6 3. d4 cxd4 4. Nxd4 Nf6 5. Nc3 a6 6. Bg5 e5 7. Nb3 Be7 8. Bxf6 Bxf6 9. Nd5 O-O 10. Be2 Nd7 11. O-O Nb6 12. Nxf6+ Qxf6 13. a4 Bd7 14. Na5 Nxa4 15. Nxb7 Rfb8 16. Nxd6 Rxb2 17. Ra3 Qe7 18. Bc4 Rb6 19. Nxf7 Nb2 20. Nxe5+ Be6 21. Qd4 Nxc4 22. Nxc4 Rc6 23. Na5 Rxc2 24. Raa1 Rd8 25. Qb6 Rd6 26. Qb4 Qc7 27. Rab1 Ra2 28. Rbc1 Qb6 29. Qxb6 Rxb6 30. Nc4 Rb4 31. Nd6 Rd4 32. e5 a5 33. Ra1 Rdd2 34. Rxa2 Rxa2 35. Rb1 h6 36. h4 a4 37. f4 Bd5 38. h5 Rxg2+ 39. Kf1 Rh2 40. Rb8+ Kh7 41. Rb4 a3 42. Ra4 a2 0-1

[Event "Lidkoping Open 2019"]
[Site "Lidkoping"]
[Date "2019.08.24"]
[Round "1.9"]
[White "Andersen, Dag"]
[Black "Madebrink, Lars"]
[Result "0-1"]
[ECO "A13"]
[WhiteElo "1873"]
[BlackElo "2147"]
[Annotator "ChessBase"]
[PlyCount "70"]
[EventDate "2019.08.19"]
[EventType "swiss"]
[EventCountry "SWE"]
[SourceTitle "playchess.com"]
[Source "ChessBase"]
[SourceQuality "1"]
[TimeControl "2700+10"]

1. Nf3 d5 2. c4 e6 3. e3 Nf6 4. b3 c5 5. Bb2 Nc6 6. cxd5 exd5 7. a3 Bd6 8. Qc2 Qe7 9. Be2 Bg4 10. O-O O-O 11. d4 cxd4 12. Nxd4 Bxe2 13. Qxe2 Qe5 14. Nf3 Qe7 15. Re1 Rac8 16. Nbd2 a5 17. Qb5 Rfd8 18. Rec1 Ne4 19. Qd3 h6 20. g3 Bb8 21. Rd1 Ba7 22. Rac1 f6 23. Nh4 Ne5 24. Bxe5 Qxe5 25. Ndf3 Qe6 26. Rxc8 Rxc8 27. Nd4 Bxd4 28. exd4 Rc3 29. Qb5 Qc6 30. Qxa5 Rc2 31. Qd8+ Kh7 32. Qe7 Rxf2 33. Qf7 Rb2 34. Nf5 Rg2+ 35. Kf1 Rf2+ 0-1

[Event "Lidkoping Open 2019"]
[Site "Lidkoping"]
[Date "2019.08.24"]
[Round "1.10"]
[White "Ask, Josef"]
[Black "Bratic, Asim"]
[Result "1-0"]
[ECO "B22"]
[WhiteElo "2136"]
[BlackElo "1825"]
[Annotator "ChessBase"]
[PlyCount "46"]
[EventDate "2019.08.19"]
[EventType "swiss"]
[EventCountry "SWE"]
[SourceTitle "playchess.com"]
[Source "ChessBase"]
[SourceQuality "1"]
[TimeControl "2700+10"]

1. e4 c5 2. d4 cxd4 3. c3 d6 4. cxd4 Nf6 5. Nc3 g6 6. f3 Nc6 7. Be3 Bg7 8. Qd2 a6 9. Nge2 b5 10. Bh6 Bxh6 11. Qxh6 Nb4 12. O-O-O Bb7 13. Kb1 Qb6 14. Nc1 Rc8 15. Nb3 Bc6 16. a3 a5 17. axb4 axb4 18. Na2 Ra8 19. Nxb4 Bxe4+ 20. fxe4 Nxe4 21. Qe3 Nf6 22. Re1 O-O 23. d5 Qd8 1-0

[Event "Lidkoping Open 2019"]
[Site "Lidkoping"]
[Date "2019.08.24"]
[Round "1.11"]
[White "Isacsson, Jorgen"]
[Black "Nordlund, Jim"]
[Result "1/2-1/2"]
[ECO "A53"]
[WhiteElo "1731"]
[BlackElo "2130"]
[Annotator "ChessBase"]
[PlyCount "67"]
[EventDate "2019.08.19"]
[EventType "swiss"]
[EventCountry "SWE"]
[SourceTitle "playchess.com"]
[Source "ChessBase"]
[SourceQuality "1"]
[TimeControl "2700+10"]

1. Nf3 d6 2. d4 Nf6 3. c4 Nbd7 4. e4 e5 5. dxe5 dxe5 6. Qc2 Bc5 7. Be2 O-O 8. O-O c6 9. Nc3 Re8 10. a3 a5 11. Bg5 h6 12. Bh4 g5 13. Bg3 Nh5 14. Rad1 Nxg3 15. hxg3 Qf6 16. Rd2 Nf8 17. Na4 Be7 18. Nb6 Rb8 19. Nxc8 Rbxc8 20. Qc3 Bd8 21. Rfd1 Bc7 22. b4 axb4 23. axb4 Rcd8 24. Qb2 Ne6 25. Rxd8 Rxd8 26. Rxd8+ Qxd8 27. Nxe5 Bxe5 28. Qxe5 Qd2 29. Bg4 Qc1+ 30. Kh2 Qxc4 31. Qb8+ Kg7 32. Qe5+ Kg8 33. Qb8+ Kg7 34. Qxb7 1/2-1/2

[Event "Lidkoping Open 2019"]
[Site "Lidkoping"]
[Date "2019.08.24"]
[Round "1.12"]
[White "Friberg, Hans"]
[Black "Gedda, Peder"]
[Result "1-0"]
[ECO "A37"]
[WhiteElo "2129"]
[BlackElo "1786"]
[Annotator "ChessBase"]
[PlyCount "72"]
[EventDate "2019.08.19"]
[EventType "swiss"]
[EventCountry "SWE"]
[SourceTitle "playchess.com"]
[Source "ChessBase"]
[SourceQuality "1"]
[TimeControl "2700+10"]

1. Nf3 a6 2. c4 c5 3. Nc3 g6 4. g3 Bg7 5. Bg2 Nc6 6. O-O d6 7. Rb1 Bd7 8. a3 Rb8 9. b4 cxb4 10. axb4 b5 11. cxb5 axb5 12. h3 e6 13. d4 Nge7 14. e4 O-O 15. Qd3 f5 16. exf5 Rxf5 17. g4 Rxf3 18. Bxf3 Nxd4 19. Bg2 Qc7 20. Ne2 Qc4 21. Qxc4 bxc4 22. Nxd4 Bxd4 23. Bf4 e5 24. Bg5 Kf7 25. Kh1 Bb5 26. f4 c3 27. fxe5+ Bxf1 28. Rxf1+ Nf5 29. Bd5+ Ke8 30. gxf5 Bxe5 31. f6 Kd7 32. Bh6 Bxf6 33. Rxf6 Kc7 34. Rf7+ Kb6 35. Rf1 Kb5 36. Rc1 Kxb4 1-0

[Event "Lidkoping Open 2019"]
[Site "Lidkoping"]
[Date "2019.08.24"]
[Round "1.13"]
[White "Loken, Espen"]
[Black "Lind, Jan-Olov"]
[Result "1-0"]
[ECO "B23"]
[WhiteElo "1805"]
[BlackElo "2164"]
[Annotator "ChessBase"]
[PlyCount "175"]
[EventDate "2019.08.19"]
[EventType "swiss"]
[EventCountry "SWE"]
[SourceTitle "playchess.com"]
[Source "ChessBase"]
[SourceQuality "1"]
[TimeControl "2700+10"]

1. e4 c5 2. Nc3 e6 3. g3 d5 4. exd5 exd5 5. d4 cxd4 6. Qxd4 Nf6 7. Bg5 Be7 8. O-O-O Nc6 9. Qa4 Qb6 10. Be3 Bc5 11. Bxc5 Qxc5 12. Bg2 Be6 13. Nh3 O-O 14. Nf4 Qxf2 15. Bxd5 Nxd5 16. Nfxd5 Bxd5 17. Nxd5 Rad8 18. Rd2 Qc5 19. Rhd1 Kh8 20. c3 b5 21. Qh4 a5 22. Nf6 h6 23. Nd7 Rxd7 24. Rxd7 b4 25. c4 Qe3+ 26. Kb1 a4 27. Qf4 Qe2 28. Qd6 Rc8 29. Qf4 f6 30. R7d2 Qe8 31. Rd7 Qg6+ 32. Ka1 Qc2 33. R7d2 Qg6 34. g4 Kh7 35. h4 Ne5 36. Rd4 a3 37. h5 axb2+ 38. Kxb2 Qe8 39. Qf5+ Kg8 40. Qxc8 Qxc8 41. Rd8+ Qxd8 42. Rxd8+ Kf7 43. Rd4 Ke6 44. c5 Nf3 45. Rf4 Ne5 46. Kb3 Kd5 47. Rxb4 Kxc5 48. Rb7 Nxg4 49. Rxg7 f5 50. Rf7 Ne3 51. Rf6 Kd5 52. a4 Ke5 53. Rxh6 f4 54. Rc6 f3 55. Rc1 f2 56. h6 Kf6 57. a5 f1=Q 58. Rxf1+ Nxf1 59. Kb4 Ne3 60. Kc5 Nf5 61. a6 Nxh6 62. a7 Nf5 63. a8=Q Ke5 64. Qe8+ Kf6 65. Kd5 Ne7+ 66. Ke4 Ke6 67. Qd8 Kf7 68. Qd7 Kf6 69. Qe8 Ke6 70. Qf8 Kd7 71. Qf6 Nc6 72. Kd5 Ne7+ 73. Kc5 Nc8 74. Qc6+ Kd8 75. Qe6 Kc7 76. Qf7+ Kd8 77. Kc6 Ne7+ 78. Kb7 Kd7 79. Qf6 Ke8 80. Qe6 Kd8 81. Kb6 Nc8+ 82. Kc5 Ne7 83. Qf6 Kd7 84. Qf7 Kd8 85. Kd6 Nc8+ 86. Ke6 Nb6 87. Qb7 Nc8 88. Qd7# 1-0

[Event "Lidkoping Open 2019"]
[Site "Lidkoping"]
[Date "2019.08.24"]
[Round "1.15"]
[White "Olsson, Stefan"]
[Black "Nordlund, Keith"]
[Result "1/2-1/2"]
[ECO "C78"]
[WhiteElo "1860"]
[BlackElo "2013"]
[Annotator "NA"]
[PlyCount "56"]
[EventDate "2019.08.19"]
[EventType "swiss"]
[EventCountry "SWE"]
[SourceTitle "playchess.com"]
[Source "ChessBase"]
[SourceQuality "1"]
[TimeControl "2700+10"]

1. e4 e5 2. Nf3 Nc6 3. Bb5 a6 4. Ba4 Nf6 5. O-O b5 6. Bb3 Bb7 7. c3 Nxe4 8. d4 Na5 9. Bc2 d5 10. Nxe5 Bd6 11. f3 Nf6 12. Bg5 h6 13. Bh4 Nc4 14. Nxc4 dxc4 15. Re1+ Kf8 16. Be4 Rb8 17. Bxb7 Rxb7 18. Nd2 g5 19. Bg3 c5 20. Bxd6+ Qxd6 21. Ne4 Nxe4 22. Rxe4 Kg7 23. dxc5 Qxc5+ 24. Qd4+ Qxd4+ 25. Rxd4 Re8 26. Rad1 Re2 27. R4d2 Rbe7 28. Kf1 R2e6 1/2-1/2

[Event "Lidkoping Open 2019"]
[Site "Lidkoping"]
[Date "2019.08.24"]
[Round "1.20"]
[White "Johnson, Daniel"]
[Black "Ullberg, Stefan"]
[Result "1-0"]
[ECO "D13"]
[WhiteElo "2201"]
[BlackElo "1772"]
[Annotator "ChessBase"]
[PlyCount "55"]
[EventDate "2019.08.19"]
[EventType "swiss"]
[EventCountry "SWE"]
[SourceTitle "playchess.com"]
[Source "ChessBase"]
[SourceQuality "1"]
[TimeControl "2700+10"]

1. d4 d5 2. c4 c6 3. cxd5 cxd5 4. Bf4 Nf6 5. Nc3 a6 6. e3 e6 7. Bd3 Bd6 8. Bg3 O-O 9. Nf3 Nc6 10. Rc1 Re8 11. O-O e5 12. dxe5 Nxe5 13. Nd4 Nxd3 14. Qxd3 g6 15. Rfd1 Bxg3 16. hxg3 Qd6 17. Nde2 Be6 18. Nf4 Rad8 19. Qd4 Qe7 20. Qb6 Rc8 21. Ncxd5 Nxd5 22. Nxd5 Bxd5 23. Rxc8 Rxc8 24. Rxd5 Rc1+ 25. Kh2 Rc2 26. Rd8+ Kg7 27. Qd4+ Qf6 28. Rg8+ 1-0

[Event "Lidkoping Open 2019"]
[Site "Lidkoping"]
[Date "2019.08.24"]
[Round "1.21"]
[White "Andersson, Christian"]
[Black "Svensson, Leif"]
[Result "0-1"]
[ECO "D35"]
[WhiteElo "1794"]
[BlackElo "2027"]
[Annotator "NA"]
[PlyCount "67"]
[EventDate "2019.08.19"]
[EventType "swiss"]
[EventCountry "SWE"]
[SourceTitle "playchess.com"]
[Source "ChessBase"]
[SourceQuality "1"]
[TimeControl "2700+10"]

1. c4 c6 2. g3 e6 3. Bg2 d5 4. cxd5 exd5 5. d4 Nf6 6. Nf3 Bd6 7. O-O Nbd7 8. Nc3 O-O 9. e4 dxe4 10. Ng5 Re8 11. Ngxe4 Nxe4 12. Nxe4 Bf8 13. Qb3 Nb6 14. Be3 Nd5 15. Rac1 Qb6 16. Qxb6 axb6 17. a3 Bf5 18. Nc3 Nxe3 19. fxe3 Bd3 20. Rfe1 Rad8 21. d5 Bc5 22. dxc6 Rxe3 23. Kh1 bxc6 24. Bxc6 g6 25. Rxe3 Bxe3 26. Rd1 Bg5 27. Kg2 Bf6 28. Bd5 Bc2 29. Rd2 Bf5 30. Rd1 Kg7 31. Bb3 Rc8 32. Nd5 Bxb2 33. Nxb6 Rb8 34. Rd6 0-1

[Event "Lidkoping Open 2019"]
[Site "Lidkoping"]
[Date "2019.08.24"]
[Round "1.22"]
[White "Kleimark, Anders"]
[Black "Forsberg, Gunnar"]
[Result "1-0"]
[ECO "D94"]
[WhiteElo "2016"]
[BlackElo "1753"]
[Annotator "NA"]
[PlyCount "43"]
[EventDate "2019.08.19"]
[EventType "swiss"]
[EventCountry "SWE"]
[SourceTitle "playchess.com"]
[Source "ChessBase"]
[SourceQuality "1"]
[TimeControl "2700+10"]

1. d4 d5 2. c4 c6 3. Nf3 Nf6 4. e3 g6 5. Nc3 Bg7 6. Be2 O-O 7. O-O Bf5 8. b3 Na6 9. Bb2 Ne4 10. cxd5 cxd5 11. Nb5 Nb4 12. Nd2 a6 13. Nxe4 axb5 14. Nc3 Nc2 15. Rc1 b4 16. Na4 Na3 17. Qd2 Qd6 18. Nc5 Qb6 19. Bf3 Rfd8 20. Na4 Qd6 21. Rc5 Rdc8 22. Rfc1 1-0

[Event "Lidkoping Open 2019"]
[Site "Lidkoping"]
[Date "2019.08.24"]
[Round "2.1"]
[White "Blomqvist, Erik"]
[Black "Nordstrom, Per-Olov"]
[Result "1/2-1/2"]
[ECO "B31"]
[WhiteElo "2507"]
[BlackElo "1899"]
[Annotator "ChessBase"]
[PlyCount "102"]
[EventDate "2019.08.19"]
[EventType "swiss"]
[EventCountry "SWE"]
[SourceTitle "playchess.com"]
[Source "ChessBase"]
[SourceQuality "1"]
[TimeControl "2700+10"]

1. e4 c5 2. Nf3 Nc6 3. Bb5 g6 4. O-O Bg7 5. Nc3 e5 6. d3 Nge7 7. Bc4 O-O 8. a3 d6 9. h3 Nd4 10. Nd5 h6 11. Nxd4 cxd4 12. f4 Be6 13. Nxe7+ Qxe7 14. f5 gxf5 15. exf5 Bxc4 16. dxc4 Qf6 17. Qd3 Rac8 18. Bd2 e4 19. Qxe4 Rxc4 20. Qd3 Rc5 21. Rae1 Re5 22. Re2 Rfe8 23. Ref2 Re4 24. Rf3 d5 25. a4 b6 26. R1f2 Kh8 27. g4 Rg8 28. Kf1 Bf8 29. c4 Qc6 30. cxd5 Qxd5 31. f6 Rg6 32. Re2 Rxe2 33. Kxe2 a5 34. Kd1 Bc5 35. Rf5 Qh1+ 36. Kc2 Qc6 37. Kb1 Rxf6 38. Rh5 Kg7 39. g5 hxg5 40. Qh7+ Kf8 41. Qh8+ Ke7 42. Bxg5 Qh1+ 43. Ka2 Qd5+ 44. b3 Qg2+ 45. Kb1 Qf1+ 46. Kc2 Qe2+ 47. Kb1 Qd3+ 48. Ka2 Qc2+ 49. Ka1 Qd1+ 50. Ka2 Qc2+ 51. Ka1 Qd1+ 1/2-1/2

[Event "Lidkoping Open 2019"]
[Site "Lidkoping"]
[Date "2019.08.24"]
[Round "2.2"]
[White "Johansson, Stefan"]
[Black "Bellon Lopez, Juan Manuel"]
[Result "0-1"]
[ECO "A34"]
[WhiteElo "2016"]
[BlackElo "2335"]
[Annotator "ChessBase"]
[PlyCount "58"]
[EventDate "2019.08.19"]
[EventType "swiss"]
[EventCountry "SWE"]
[SourceTitle "playchess.com"]
[Source "ChessBase"]
[SourceQuality "1"]
[TimeControl "2700+10"]

1. c4 e6 2. Nc3 c5 3. g3 a6 4. Bg2 Nf6 5. Nf3 Nc6 6. d3 d6 7. O-O Be7 8. b3 Rb8 9. Bb2 b5 10. Qc2 O-O 11. a3 e5 12. e3 bxc4 13. bxc4 Na5 14. Nd2 Bb7 15. e4 Nc6 16. Nd5 Nd7 17. f4 Nd4 18. Bxd4 cxd4 19. fxe5 dxe5 20. Bh3 Nc5 21. Rab1 Bg5 22. Nb3 Ne6 23. a4 Bc6 24. Qa2 a5 25. Rf2 Be3 26. Nxe3 dxe3 27. Rff1 Qxd3 28. Bxe6 e2 29. Bd5 Bxd5 0-1

[Event "Lidkoping Open 2019"]
[Site "Lidkoping"]
[Date "2019.08.24"]
[Round "2.4"]
[White "Beslagic, Smail"]
[Black "Ernst, Thomas"]
[Result "0-1"]
[ECO "A48"]
[WhiteElo "1853"]
[BlackElo "2329"]
[Annotator "NA"]
[PlyCount "46"]
[EventDate "2019.08.19"]
[EventType "swiss"]
[EventCountry "SWE"]
[SourceTitle "playchess.com"]
[Source "ChessBase"]
[SourceQuality "1"]
[TimeControl "2700+10"]

1. d4 Nf6 2. Bf4 g6 3. Nf3 Bg7 4. e3 O-O 5. Nbd2 c5 6. c3 d6 7. Bd3 Nc6 8. Qc2 cxd4 9. exd4 e5 10. dxe5 dxe5 11. Bg5 Qc7 12. Bxf6 Bxf6 13. O-O Bg7 14. Rfe1 f5 15. Bc4+ Kh8 16. Ng5 e4 17. Rac1 Ne5 18. Bf1 Bd7 19. Qb3 Rae8 20. Rcd1 Bh6 21. h4 Bxg5 22. hxg5 Ng4 23. g3 e3 0-1

[Event "Lidkoping Open 2019"]
[Site "Lidkoping"]
[Date "2019.08.24"]
[Round "2.5"]
[White "Svensson, Bengt"]
[Black "Nyberg, Arne"]
[Result "1-0"]
[ECO "C18"]
[WhiteElo "2310"]
[BlackElo "1967"]
[Annotator "NA"]
[PlyCount "99"]
[EventDate "2019.08.19"]
[EventType "swiss"]
[EventCountry "SWE"]
[SourceTitle "playchess.com"]
[Source "ChessBase"]
[SourceQuality "1"]
[TimeControl "2700+10"]

1. e4 e6 2. d4 d5 3. Nc3 Bb4 4. e5 c5 5. a3 Bxc3+ 6. bxc3 Qc7 7. Qg4 f5 8. Qg3 Qf7 9. Nf3 Nc6 10. Bb5 Nge7 11. a4 Bd7 12. Ba3 c4 13. h4 h6 14. Kd2 a6 15. Bxc6 Bxc6 16. h5 g5 17. hxg6 Qxg6 18. Qh4 Qg7 19. Qh5+ Kd7 20. Bxe7 Qxe7 21. a5 Rag8 22. g3 Qg7 23. Rh2 Kc7 24. Qh4 Kb8 25. Rah1 Be8 26. Qd8+ Ka7 27. Qb6+ Ka8 28. Qxe6 Qg4 29. Rxh6 Rxh6 30. Rxh6 Bc6 31. Rh4 Re8 32. Rxg4 Rxe6 33. Rf4 b6 34. Rxf5 bxa5 35. Rf6 Bd7 36. Rxe6 Bxe6 37. Ng5 Bd7 38. e6 Be8 39. Nf7 Kb8 40. Nd6 Bh5 41. e7 Kc7 42. e8=Q Bxe8 43. Nxe8+ Kd7 44. Nf6+ Ke6 45. Nh5 a4 46. Nf4+ Kf5 47. f3 a3 48. Kc1 a5 49. Kb1 a4 50. Nxd5 1-0

[Event "Lidkoping Open 2019"]
[Site "Lidkoping"]
[Date "2019.08.24"]
[Round "2.6"]
[White "Bermann, Martin"]
[Black "Andersson, Fredrik"]
[Result "0-1"]
[ECO "B41"]
[WhiteElo "1889"]
[BlackElo "2264"]
[Annotator "ChessBase"]
[PlyCount "76"]
[EventDate "2019.08.19"]
[EventType "swiss"]
[EventCountry "SWE"]
[SourceTitle "playchess.com"]
[Source "ChessBase"]
[SourceQuality "1"]
[TimeControl "2700+10"]

1. e4 c5 2. Nf3 e6 3. c4 d6 4. d4 cxd4 5. Nxd4 Nf6 6. Nc3 a6 7. Be2 Be7 8. O-O O-O 9. Be3 b6 10. f4 Qc7 11. Rc1 Bb7 12. Bf3 Nbd7 13. b3 Nc5 14. Qc2 Rfe8 15. Rfe1 Bf8 16. Bf2 Rad8 17. Rcd1 Qb8 18. Qe2 Qa8 19. Nc2 Rc8 20. Bh4 b5 21. e5 Bxf3 22. Qxf3 Qxf3 23. gxf3 dxe5 24. fxe5 Nh5 25. b4 Na4 26. Nxa4 Rxc4 27. Nd4 bxa4 28. a3 Rc3 29. Ra1 Nf4 30. Re4 Nd5 31. Kf2 Rec8 32. Bg5 R3c4 33. Bd2 Rd8 34. Be3 Nxe3 35. Kxe3 Rdc8 36. Ne2 Rc2 37. Rd4 a5 38. bxa5 Bc5 0-1

[Event "Lidkoping Open 2019"]
[Site "Lidkoping"]
[Date "2019.08.24"]
[Round "2.7"]
[White "Madebrink, Lars"]
[Black "Mathisen, Runar"]
[Result "1-0"]
[ECO "B22"]
[WhiteElo "2147"]
[BlackElo "1868"]
[Annotator "NA"]
[PlyCount "77"]
[EventDate "2019.08.19"]
[EventType "swiss"]
[EventCountry "SWE"]
[SourceTitle "playchess.com"]
[Source "ChessBase"]
[SourceQuality "1"]
[TimeControl "2700+10"]

1. e4 c5 2. Nf3 Nc6 3. c3 d5 4. exd5 Qxd5 5. d4 g6 6. Be2 Bg7 7. c4 Qd6 8. d5 Nd4 9. Nxd4 Bxd4 10. Nd2 Bf5 11. O-O h5 12. Nf3 Bg7 13. Bd3 Nh6 14. Re1 O-O 15. Bxh6 Bxh6 16. Bxf5 gxf5 17. Qc2 Qf6 18. Re5 e6 19. dxe6 fxe6 20. Rae1 Rfe8 21. Rxc5 Bf8 22. Rce5 Bd6 23. R5e2 Bb4 24. Rd1 Re7 25. Ne5 Rg7 26. Rd3 Rd8 27. Rxd8+ Qxd8 28. g3 h4 29. Nd3 hxg3 30. hxg3 Qd4 31. Nxb4 Rxg3+ 32. Kf1 Rh3 33. Rxe6 Qg4 34. Ke1 Rh1+ 35. Kd2 Qf4+ 36. Kd3 Rh3+ 37. Re3 Qe4+ 38. Kc3 Qe5+ 39. Kb3 1-0

[Event "Lidkoping Open 2019"]
[Site "Lidkoping"]
[Date "2019.08.24"]
[Round "2.8"]
[White "Harstad, Christian"]
[Black "Ask, Josef"]
[Result "0-1"]
[ECO "E92"]
[WhiteElo "1891"]
[BlackElo "2136"]
[Annotator "ChessBase"]
[PlyCount "74"]
[EventDate "2019.08.19"]
[EventType "swiss"]
[EventCountry "SWE"]
[SourceTitle "playchess.com"]
[Source "ChessBase"]
[SourceQuality "1"]
[TimeControl "2700+10"]

1. d4 Nf6 2. c4 g6 3. Nc3 Bg7 4. e4 d6 5. Nf3 O-O 6. Be2 e5 7. d5 a5 8. Bg5 h6 9. Bh4 Na6 10. Nd2 Bd7 11. O-O Qe8 12. b3 Nh7 13. a3 h5 14. f3 Bh6 15. Rb1 Be3+ 16. Bf2 Bxf2+ 17. Rxf2 Nc5 18. Qc2 Qe7 19. Kh1 h4 20. b4 axb4 21. axb4 Na4 22. Nxa4 Rxa4 23. c5 Rfa8 24. cxd6 cxd6 25. Nc4 Ra2 26. Qb3 Bb5 27. Nb2 R8a3 28. Qc2 Bxe2 29. Rxe2 Qg5 30. Ree1 Nf6 31. Rg1 Nh5 32. Qc8+ Kg7 33. Nc4 Rc3 34. Qd7 Ng3+ 35. hxg3 hxg3 36. Nxd6 Qh4+ 37. Qh3 Qxh3+ 0-1

[Event "Lidkoping Open 2019"]
[Site "Lidkoping"]
[Date "2019.08.24"]
[Round "2.9"]
[White "Staunsbjerg, Valdemar A"]
[Black "Friberg, Hans"]
[Result "1/2-1/2"]
[ECO "C06"]
[WhiteElo "1832"]
[BlackElo "2129"]
[Annotator "NA"]
[PlyCount "79"]
[EventDate "2019.08.19"]
[EventType "swiss"]
[EventCountry "SWE"]
[SourceTitle "playchess.com"]
[Source "ChessBase"]
[SourceQuality "1"]
[TimeControl "2700+10"]

1. d4 e6 2. e4 d5 3. Nd2 Nf6 4. e5 Nfd7 5. Bd3 c5 6. c3 Nc6 7. Ne2 Be7 8. O-O Qb6 9. Nf3 O-O 10. a3 f6 11. exf6 Bxf6 12. Nf4 Nd8 13. Qc2 g6 14. Re1 Rf7 15. dxc5 Nxc5 16. Bxg6 hxg6 17. Qxg6+ Bg7 18. Ng5 Rf6 19. Qh7+ Kf8 20. Ng6+ Rxg6 21. Qxg6 e5 22. Qc2 Nf7 23. Nxf7 Kxf7 24. Be3 Qd6 25. Rad1 Be6 26. h3 Rg8 27. b4 Nd7 28. Qe2 b6 29. Bg5 e4 30. Qh5+ Kf8 31. Rxe4 Nf6 32. Bxf6 Bxf6 33. Qh6+ Kf7 34. Rf4 Rg6 35. Qh7+ Rg7 36. Qh5+ Ke7 37. Qh6 Qe5 38. Rf3 Bg5 39. Qh8 Bf6 40. Qa8 1/2-1/2

[Event "Lidkoping Open 2019"]
[Site "Lidkoping"]
[Date "2019.08.24"]
[Round "2.10"]
[White "Kjellqvist, Fredrik"]
[Black "Mardell, Jonas"]
[Result "1/2-1/2"]
[ECO "D05"]
[WhiteElo "1778"]
[BlackElo "2059"]
[Annotator "NA"]
[PlyCount "87"]
[EventDate "2019.08.19"]
[EventType "swiss"]
[EventCountry "SWE"]
[SourceTitle "playchess.com"]
[Source "ChessBase"]
[SourceQuality "1"]
[TimeControl "2700+10"]

1. Nf3 d5 2. c4 e6 3. e3 Nf6 4. Be2 c6 5. O-O Bd6 6. d4 Nbd7 7. b3 O-O 8. Bb2 Ne4 9. Nbd2 f5 10. Ne5 Rf6 11. Nxe4 fxe4 12. f4 exf3 13. Bxf3 Qc7 14. Ng4 Rf8 15. c5 Be7 16. e4 b6 17. b4 Ba6 18. Be2 Rxf1+ 19. Qxf1 Rf8 20. Qe1 Bxe2 21. Qxe2 h5 22. Nf2 Bh4 23. Rf1 Qf4 24. exd5 exd5 25. Nd3 Qxf1+ 26. Qxf1 Rxf1+ 27. Kxf1 Bf6 28. a4 bxc5 29. Nxc5 Nxc5 30. bxc5 Kf7 31. Ke2 Ke6 32. Kd3 Kf5 33. Ke3 Bg5+ 34. Kf3 g6 35. h3 Bd2 36. Ke2 Bh6 37. Kf3 a6 38. Bc3 Bc1 39. Ba1 Kg5 40. g3 Kf5 41. Bc3 Bh6 42. Ba5 Bc1 43. Bc3 Bh6 {[%emt 0:00:33] Ke3 Kg4+} 44. Kf2 {[%emt 0:03:27] Kf4 Ke3+ Kg4+} 1/2-1/2